 Dungeon Crawl Stone Soup version 0.12.3 (webtiles) character file.

125 Charos the Timekeeper (level 3, -9/21 HPs)
             Began as a Kobold Priest on Mar 18, 2014.
             Was an Initiate of Cheibriados.
             Mangled by a worm (10 damage)
             ... on Level 3 of the Dungeon.
             The game lasted 00:08:02 (1849 turns).

Charos the Timekeeper (Kobold Priest)               Turns: 1849, Time: 00:08:02

HP  -9/21        AC  4     Str 11 (13) XL: 3   Next: 15%
MP   6/6         EV 14     Int 11      God: Cheibriados [......]
Gold 101         SH  9     Dex 15      Spells:  0 memorised,  2 levels left

Res.Fire  : . . .   See Invis. : .   a - +0 short sword
Res.Cold  : + . .   Warding    : .   b - +0 robe
Life Prot.: + . .   Conserve   : .   t - +0 buckler
Res.Poison: .       Res.Corr.  : .   (no helmet)
Res.Elec. : .       Clarity    : .   p - +0 orc cloak
Sust.Abil.: . .     Spirit.Shd : .   (no gloves)
Res.Mut.  : .       Stasis     : .   o - +0 pair of orc boots
Res.Rott. : .       Ctrl.Telep.: .   (no amulet)
Saprovore : + + .   Flight     : .   i - ring of protection from cold {unknown}
                                     f - ring of life protection {unknown}

@: very slow, not resistant to hostile enchantments, fairly stealthy
A: disease resistance, carnivore 3, saprovore 2
a: Renounce Religion


You were on level 3 of the Dungeon.
You worshipped Cheibriados.
Cheibriados was noncommittal.
You were not hungry.

You visited 1 branch of the dungeon, and saw 3 of its levels.

You collected 87 gold pieces.
You donated 6 gold pieces.

Inventory:

Hand weapons
 a - a +0,+0 short sword (weapon)
 j - a +0,+0 quarterstaff
 s - a +0,+0 crossbow
Armour
 b - a +0 robe (worn)
 o - a +0 pair of orcish boots (worn)
 p - a +0 orcish cloak (worn)
 t - a +0 buckler (worn)
Comestibles
 c - a meat ration
Scrolls
 g - a scroll of identify {unknown}
 h - a scroll of fog {unknown}
 k - 2 scrolls of blinking {unknown}
 l - a scroll of curse armour {unknown}
 m - a scroll of enchant weapon II {unknown}
 n - a scroll of enchant weapon I {unknown}
 q - a scroll of teleportation {unknown}
 r - a scroll of remove curse {unknown}
Jewellery
 f - a ring of life protection (left hand) {unknown}
 i - a ring of protection from cold (right hand) {unknown}


   Skills:
 + Level 2.5 Fighting
 + Level 1.3 Short Blades
 - Level 2.6 Staves
 + Level 2.3 Dodging
 + Level 1.1 Stealth
 + Level 0.1 Shields
   Level 5.0 Invocations


You had 2 spell levels left.
You didn't know any spells.

Dungeon Overview and Level Annotations

Branches:
Dungeon (3/27)

Altars:
Cheibriados
Sif Muna


Innate Abilities, Weirdness & Mutations

You recuperate from illness quickly.
You are small and have problems with some larger weapons.
You are carnivorous and can eat meat at any time.
You can eat rotten meat.


Message History

The worm is lightly wounded.
The worm misses you.
You hit the worm.
The worm is moderately wounded.
You hit the worm.
The worm is heavily wounded.
The worm completely misses you.
You hit the worm.
The worm is severely wounded.
The worm bites you!
You hit the worm but do no damage.
The worm is severely wounded.
You hit the worm.
The worm is severely wounded.
The worm bites you.
* * * LOW HITPOINT WARNING * * *
You hit the worm.
The worm is almost dead.
The worm bites you!
You die...

### #.. (## #.#
(). ...
####.##.# .
#.......# #(#..
#...w.# #^#...
#@# ...... #.#
#..... #
#.###.##.#
#..#.....##.#
#........##.#
.....####...##.#
.### #...##.#
#......#
#######..#


You could see a worm.

Vanquished Creatures
  A giant cockroach (D:2)
  3 hobgoblins
  3 jackals (D:2)
  2 bats (D:1)
  6 goblins
  4 kobolds
  5 rats
24 creatures vanquished.

Vanquished Creatures (others)
  A ball python (D:2)
1 creature vanquished.

Grand Total: 25 creatures vanquished

Notes
Turn   | Place    | Note
--------------------------------------------------------------
     0 | D:1      | Charos, the Kobold Priest, began the quest for the Orb.
     0 | D:1      | Reached XP level 1. HP: 12/12 MP: 2/2
     0 | D:1      | zammy: onkos tällä -20% hp
     0 | D:1      | Charos: on
   334 | D:1      | Acquired Zin's second power
   435 | D:1      | Reached XP level 2. HP: 5/17 MP: 4/4
   731 | D:1      | Reached skill level 1 in Stealth
  1258 | D:2      | Reached skill level 1 in Short Blades
  1345 | D:2      | Found a snail-covered altar of Cheibriados.
  1348 | D:2      | zammy: siitä jumala
  1348 | D:2      | Charos: taas cheitä tarjoaa
  1348 | D:2      | Charos: 5 runea vaan pitää hakea, et ois abyss
  1348 | D:2      | zammy: menee se abyss cheillä jos on muut kamat kohallaa
  1348 | D:2      | Charos: ois kyllä lvl 2 aika kova jo olla jumala
  1348 | D:2      | Charos: ja se tukisi ev jacastaustä
  1348 | D:2      | Charos: sama kokeilla
  1350 | D:2      | Fell from the grace of Zin
  1350 | D:2      | Became a worshipper of Cheibriados the Contemplative
  1393 | D:2      | Reached XP level 3. HP: 18/21 MP: 6/6
  1394 | D:2      | zammy: dexii ja inttiä pelkästää tasonnousuissa tälläselle
  1394 | D:2      | Charos: tälle ei tarvinnut mitään uhrailla.. ei muista tarkasti
  1394 | D:2      | Charos: ai
  1437 | D:2      | Found a deep blue altar of Sif Muna.
  1571 | D:2      | zammy: strenaa saa jumalalta sen mitä tällänen hippiäinen tarviaa
  1599 | D:2      | Charos: joo
  1599 | D:2      | Charos: dex varmaan hyvä ottaa
  1848 | D:3      | HP: 1/21 [worm (6)]
  1849 | D:3      | Mangled by a worm

Action                   || total
-------------------------++-------
Melee: Dagger            ||    34
       Quarterstaff      ||     3
       Short sword       ||    36
Throw: Dart              ||    27
       Dagger            ||     1
  Use: Potion            ||     2
 Stab: Sleeping          ||     1
